 Dungeon Crawl Stone Soup version 0.17.0-24-gcfadda4 (webtiles) character file.

450955 SKei0 the Formicid Blade (level 25, -6/208 HPs)
             Began as a Formicid Fighter on Nov 15, 2015.
             Was a High Priest of Okawaru.
             Killed by divine providence
             ... invoked by a deep elf high priest
              (11 damage)
             ... on level 4 of the Vaults.
             The game lasted 05:19:36 (57804 turns).

SKei0 the Formicid Blade (Formicid Fighter)        Turns: 57804, Time: 05:19:36

Health: -6/208     AC: 41    Str: 33      XL:     25   Next: 49%
Magic:  30/30      EV: 15    Int: 14 (17) God:    Okawaru [*****.]
Gold:   4477       SH: 34    Dex:  7 (8)  Spells: 0 memorised, 24 levels left

rFire  + + +     SeeInvis +     c - +5 triple sword (venom)
rCold  + + .     Clarity  +     W - +2 crystal plate armour of the Eight Seas {rCorr Dex-3 Slay+2}
rNeg   + . .     SustAt   .     K - +8 large shield "Hefy" {*Contam MR++}
rPois  +         Gourm    .     (helmet unavailable)
rElec  +         Spirit   .     j - +0 cloak "Omioza" {rElec rN+ Int+5 Stlth-}
rCorr  +         Warding  .     u - +1 pair of gloves {rC+}
rMut   .         Stasis   +     k - +2 pair of boots "Edwewin" {+Blink rElec rF++ MP-9}
MR     ++++.                    C - amulet of the Princess {Clar rElec MP+9 Str+3}
Stlth  ..........               P - +3 ring of evasion
                                y - ring of flight

@: resistant, heroism, flying, very slightly contaminated, invisible, incredibly
resistant to hostile enchantments, extremely unstealthy
A: permanent stasis, dig shafts and tunnels, four strong arms, antennae 3, large
bone plates 1, blurry vision 1, clever 1, deterioration 1
a: Dig, Shaft Self, Heroism, Renounce Religion, Stop Flying
}: 2/15 runes: barnacled, gossamer


You were on level 4 of the Vaults.
You worshipped Okawaru.
Okawaru was extremely pleased with you.
You were hungry.

You visited 9 branches of the dungeon, and saw 45 of its levels.
You also visited: Sewer, Ossuary and Ice Cave.

You collected 5312 gold pieces.
You spent 835 gold pieces at shops.

Inventory:

Hand Weapons
 c - a +5 triple sword of venom (weapon)
 V - a +3 triple sword of protection
Armour
 j - the +0 cloak "Omioza" (worn) {rElec rN+ Int+5 Stlth-}
   (You found it on level 15 of the Dungeon)

   It affects your intelligence (+5).
   It insulates you from electricity.
   It protects you from negative energy.
   It makes you less stealthy.
 k - the +2 pair of boots "Edwewin" (worn) {+Blink rElec rF++ MP-9}
   (You found it on level 3 of the Elven Halls)

   It greatly protects you from fire.
   It insulates you from electricity.
   It affects your magic capacity (-9).
   It lets you blink.
 u - a +1 pair of gloves of cold resistance (worn)
 K - the +8 large shield "Hefy" (worn) {*Contam MR++}
   (Okawaru gifted it to you on level 6 of the Lair of Beasts)

   It affects your resistance to hostile enchantments.
   It causes magical contamination when unequipped.
 S - a +2 pair of boots of stealth
 W - the +2 crystal plate armour of the Eight Seas (worn) {rCorr Dex-3 Slay+2}
   (Okawaru gifted it to you on level 4 of the Vaults)

   It affects your dexterity (-3).
   It affects your accuracy and damage with ranged weapons and melee attacks
   (+2).
   It protects you from acid and corrosion.
Jewellery
 h - an uncursed ring of sustain attributes
 s - an uncursed ring of positive energy
 y - a ring of flight (left hand)
 C - the amulet of the Princess (around neck) {Clar rElec MP+9 Str+3}
   (You took it off a deep elf death mage on level 3 of the Elven Halls)

   [amulet of clarity]

   It provides mental clarity.
   It affects your strength (+3).
   It insulates you from electricity.
   It affects your magic capacity (+9).
 D - an uncursed ring of protection from cold
 P - a +3 ring of evasion (right hand)
 Q - an uncursed ring of protection from magic
 X - the amulet "Xaecium" {Stasis Slay+3}
   (You found it on level 3 of the Elven Halls)

   [amulet of stasis]

   It prevents you from being teleported, slowed, hasted or paralysed.
   It affects your accuracy and damage with ranged weapons and melee attacks
   (+3).
Wands
 l - a wand of paralysis (8)
 G - a wand of flame (29)
 H - a wand of confusion (19)
 O - a wand of heal wounds (0)
Scrolls
 a - 5 scrolls of recharging
 d - 23 scrolls of remove curse
 g - 10 scrolls of identify
 i - 5 scrolls of enchant armour
 t - 15 scrolls of magic mapping
 x - 5 scrolls of fear
 R - 6 scrolls of fog
 Y - 2 scrolls of summoning
Potions
 f - 5 potions of ambrosia
 m - a potion of resistance
 o - 12 potions of flight
 p - 10 potions of curing
 q - 7 potions of magic
 r - 2 potions of cancellation
 A - 2 potions of agility
 B - 2 potions of mutation
 E - 10 potions of lignification
 F - 6 potions of brilliance
 M - a potion of invisibility
Books
 v - a book of Spatial Translocations

   Spells                             Type                      Level
   a - Apportation                    Translocation                1
   b - Blink                          Translocation                2
   c - Shroud of Golubria             Charms/Translocation         2
   d - Portal Projectile              Translocation                3
   e - Teleport Other                 Translocation                3
   f - Passage of Golubria            Translocation                4
Comestibles
 b - 9 royal jellies
 e - 21 bread rations
 n - 13 meat rations
 w - a beef jerky
 z - 7 slices of pizza
 I - 11 fruits


   Skills:
 - Level 19.4(24.4) Fighting
 - Level 25.5(27) Long Blades
 * Level 18.3(23.3) Armour
 + Level 10.7(15.7) Dodging
 - Level 15.2(20.2) Shields
 + Level 10.6 Evocations


You had 24 spell levels left.
You didn't know any spells.

Dungeon Overview and Level Annotations

Branches:
Dungeon (15/15)            Temple (0/1) D:6            Lair (8/8) D:10
 Shoals (4/4) Lair:4       Spider (4/4) Lair:4        Slime (1/6) Lair:7
    Orc (4/4) D:12            Elf (3/3) Orc:3        Vaults (5/5) D:14
  Crypt (0/3) Vaults:3     Depths (1/5) D:15

Altars:
Ashenzari
Cheibriados
Dithmenos
Gozag
Makhleb
Nemelex Xobeh
Okawaru
Sif Muna
Beogh

Shops:
D:15 [   Orc:1 }   Orc:4 (:[*   Elf:2 }   Shoals:4 !*?[!   Vaults:1 %
Vaults:2 %   Vaults:4 !

Portals:
Hell: Depths:1
Bazaar: Depths:1
Trove: D:13 (give 2 scrolls of acquirement)

Annotations:
Vaults:2 exclusion: obsidian statue
Vaults:4 Boris


Innate Abilities, Weirdness & Mutations

You are under a permanent stasis effect.
You can dig through walls and to a lower floor.
Your four strong arms can wield two-handed weapons with a shield.
You have a pair of large antennae on your head (SInv).
You are partially covered in large bone plates (AC +2, SH +2).
Scrolls take you a little longer to read.
Your mind is acute. (Int +2)
Your body sometimes deteriorates upon taking damage.


Message History

You resist with almost no effort.
Drink which item? (? for menu, Esc to quit)
You feel better.
You are engulfed in freezing vapours.
You resist.
* * * LOW HITPOINT WARNING * * *
You block the storm dragon's attack. x2
The storm dragon closely misses you. You block the ogre mage's attack.
Boris hits you but does no damage. Boris touches you but does no damage.
The deep elf high priest mumbles some strange prayers to its god against you.
Something smites you!
* * * LOW HITPOINT WARNING * * *
You block the ogre's attack. The storm dragon closely misses you.
The storm dragon barely misses you. The storm dragon closely misses you.
Read which item? (? for menu, Esc to quit)
Really read with blurry vision while enemies are nearby?
Okay, then.
The vault sentinel blows a loud note on a signal horn!
You hear a shout! x2
The deep elf high priest invokes the aid of its god against you.
Something smites you!
You die...

...# #..........# #...#...# ...#
#..........# #.###...# ...#
#..........# #........
...######'#'######## #.....#..
...#.........######### #........
...'......[..#.......# #.###...#
...#.........'.≈≈.≈≈.# #...#...#
...#.........'.≈≈.≈≈p# #...#...#
...#.........#[.@C.OO# #........
...#.........#[≈≈.≈DL# ########'
...###########[≈≈[≈≈e# #.......
#### #.....[4# #......) ..#
#####+#######.)....) ..#
#......[....{.......
..############......[[{.{#.......
..'..........'..###.###..#.......
..#..........#..#.....#..#.......


You could see Boris (invisible), a storm dragon, a frost giant, an ogre mage
(invisible), an orange demon, a vault sentinel, a deep elf high priest and an
ogre.

Vanquished Creatures
  Mara (Spider:4)
  Mennas (Vaults:4)
  Sojobo (Vaults:2)
  Norris (Vaults:2)
  Arachne (Spider:3)
  2 tentacled monstrosities
  Asterion (Spider:1)
  2 titans (Vaults:4)
  2 deep elf blademasters (Elf:3)
  A quicksilver dragon (Vaults:5)
  2 deep elf master archers (Elf:3)
  2 krakens
  Polyphemus (Shoals:3)
  Gastronok (Lair:2)
  Agnes (Vaults:3)
  6 tengu reavers
  2 ancient champions (Vaults:3)
  Frances (Vaults:3)
  Kirke (Lair:8)
  2 azure jellies (Lair:7)
  6 ghost moths
  Ilsuiw (Shoals:3)
  Wiglaf (Spider:2)
  5 deep elf sorcerers
  A frost giant (Vaults:4)
  A storm dragon (Vaults:4)
  3 orc warlords
  A fire giant (Vaults:4)
  21 vault wardens
  Aizul (Lair:4)
  15 ironheart preservers
  8 emperor scorpions
  A war gargoyle (Vaults:4)
  4 very ugly things (Vaults:4)
  8 stone giants
  Nessos (D:15)
  Azrael (Orc:3)
  7 deep elf demonologists
  6 deep elf annihilators (Elf:3)
  4 ettins
  9 merfolk javelineers
  9 deep elf death magi
  37 vault guards
  12 merfolk impalers
  6 entropy weavers
  Josephine (D:11)
  8 yaktaur captains
  3 fire dragons
  Erolcha (D:12)
  6 hydras
  A rakshasa (Depths:1)
  Fannar (Lair:3)
  3 deep elf high priests
  5 great orbs of eyes
  9 merfolk avatars
  A catoblepas (Shoals:2)
  15 dancing weapons (Elf:2)
  24 death yaks
  10 centaur warriors
  12 ogre magi
  4 alligator snapping turtles
  A merfolk aquamancer (Shoals:4)
  6 satyrs
  Urug (Orc:2)
  4 orc high priests
  A hell knight (Vaults:3)
  Sonja (Lair:3)
  An ice devil (IceCv)
  4 shadow wraiths
  A small abomination (Elf:3)
  3 unseen horrors
  16 deep elf knights
  A skeletal warrior (Vaults:3)
  14 sea snakes
  15 harpies
  A giant orange brain (Vaults:4)
  8 deep elf summoners
  A phantasmal warrior (Vaults:3)
  A harpy (shapeshifter) (Elf:1)
  10 ironbrand convokers
  18 orc knights
  A deep troll (Vaults:5)
  15 hill giants
  11 orc sorcerers
  2 human zombies (Vaults:1)
  A wolf spider zombie (D:15)
  30 wolf spiders
  3 water nymphs
  13 orb spiders
  19 deep elf conjurers
  A frost giant zombie (Vaults:1)
  A tengu skeleton (Vaults:2)
  2 necromancers
  2 oklob plants
  A shining eye (Slime:1)
  3 hornets
  39 ugly things
  11 griffons
  2 wizards
  11 cyclopes
  13 manticores
  20 fauns
  A moth of wrath (Spider:1)
  2 naga magi (D:15)
  The ghost of septik the Twirler, a novice GrGl (Ossuary)
  18 sirens
  10 vault sentinels
  Maurice (D:12)
  4 black mambas
  15 elephants
  2 guardian serpents (shapeshifter)
  A centaur zombie (D:12)
  A human skeleton (Vaults:1)
  2 ice statues (IceCv)
  15 spiny frogs
  5 gargoyles
  8 torpor snails
  2 centaur skeletons
  4 fire drakes
  65 yaktaurs
  5 komodo dragons
  2 kobold demonologists
  28 merfolk
  A tengu conjurer (D:11)
  A fire drake (shapeshifter) (Vaults:4)
  A queen bee (D:8)
  2 spriggan druids (Lair:8)
  8 demonic crawlers
  12 deep elf priests
  8 blue devils (IceCv)
  2 queen bees (shapeshifter) (Vaults:3)
  5 freezing wraiths
  21 two-headed ogres
  4 polar bears (Lair:8)
  2 trolls
  A wind drake (Shoals:4)
  22 jumping spiders
  6 boulder beetles
  Grinder (D:3)
  Prince Ribbit (D:7)
  32 blink frogs
  11 snapping turtles
  12 slime creatures
  28 deep elf magi
  24 trapdoor spiders
  2 shadows
  28 tarantellas
  The ghost of McCoppin the Skirmisher, an amateur OgEn of Trog (D:3)
  A snapping turtle (shapeshifter) (Vaults:4)
  11 spriggans (Lair:8)
  4 hogs
  6 wyverns
  8 wraiths
  A tarantella (shapeshifter) (Vaults:3)
  21 yaks
  39 redbacks
  4 water elementals
  4 fire elementals (Orc:3)
  2 hungry ghosts
  A vampire (Vaults:3)
  32 deep elf fighters
  3 mottled dragons
  7 wargs
  29 wolves
  An elf skeleton (Vaults:1)
  Menkaure (Ossuary)
  15 hippogriffs
  14 water moccasins
  16 porcupines
  16 vampire mosquitoes
  A hornet simulacrum (D:12)
  A soldier ant (D:11)
  A wasp (shapeshifter) (Vaults:4)
  Duvessa (D:6)
  3 hell hounds
  4 sky beasts
  5 black bears
  22 spiders
  2 necrophages
  58 orc warriors
  5 boggarts (Vaults:1)
  A phantom (D:14)
  3 wasps (Lair:8)
  4 eyes of draining
  59 ogres
  8 ice beasts (Lair:2)
  10 big kobolds
  20 centaurs
  11 crocodiles
  A human simulacrum (Vaults:2)
  25 giant frogs
  A gnoll sergeant (D:12)
  Dowan (D:6)
  A boulder beetle zombie (Vaults:2)
  3 scorpions
  32 killer bees
  7 wights
  10 electric eels
  9 crimson imps
  31 orc priests
  2 giant frog zombies
  A quasit (D:8)
  5 hounds
  18 jellies
  5 giant frog skeletons
  Terence (D:3)
  6 iguanas
  37 orc wizards
  11 worker ants
  53 sheep
  2 hound skeletons
  3 mummies (Ossuary)
  8 gnolls
  19 adders
  64 river rats
  4 shadow imps
  9 white imps (IceCv)
  3 ufetubi (IceCv)
  10 oozes
  4 worms
  7 giant geckos
  189 orcs
  9 goblins
  9 hobgoblins
  5 jackals
  5 ball pythons
  9 bats
  6 giant cockroaches
  A giant gecko skeleton (D:6)
  9 giant newts
  3 gnoll skeletons (Ossuary)
  2 gnoll zombies (Ossuary)
  A goblin skeleton (Ossuary)
  4 goblin zombies (Ossuary)
  A hobgoblin skeleton (Ossuary)
  A hobgoblin zombie (Ossuary)
  27 kobolds
  2 kobold skeletons (Ossuary)
  A kobold zombie (Ossuary)
  2 orc skeletons (Ossuary)
  2 orc zombies (Ossuary)
  5 quokkas
  2 quokka skeletons
  9 rats
  A rat skeleton (Ossuary)
  A rat zombie (Ossuary)
  A fungus (Lair:8)
  A plant (Lair:7)
  10 tentacles
2208 creatures vanquished.

Vanquished Creatures (others)
  2 tengu reavers (Vaults:5)
  An ironheart preserver (Vaults:5)
  A deep elf demonologist (Vaults:5)
  A deep elf death mage (Vaults:5)
  A vault guard (Vaults:5)
  A yaktaur captain (Vaults:5)
  A deep elf conjurer (Elf:3)
  A faun (Shoals:3)
  An unseen horror (D:14)
  A jumping spider (Spider:2)
  2 two-headed ogres (Vaults:5)
  A deep elf mage (Elf:1)
  A wyvern (shapeshifter) (Vaults:5)
  A redback (Spider:4)
  A deep elf fighter (Vaults:5)
  3 ogres
  2 white imps (IceCv)
  3 ufetubi (IceCv)
  A gnoll zombie (Ossuary)
  A goblin skeleton (Ossuary)
  7 goblin zombies (Ossuary)
  5 hobgoblin skeletons (Ossuary)
  2 hobgoblin zombies (Ossuary)
  2 kobold skeletons (Ossuary)
  2 kobold zombies (Ossuary)
  4 orc skeletons (Ossuary)
  3 rat skeletons (Ossuary)
  2 rat zombies (Ossuary)
  A butterfly (Lair:4)
  12 fungi
  16 plants
  12 tentacles
  778 tentacle segments
873 creatures vanquished.

Grand Total: 3081 creatures vanquished

Notes
Turn   | Place    | Note
--------------------------------------------------------------
     0 | D:1      | SKei0 the Formicid Fighter began the quest for the Orb.
     0 | D:1      | Reached XP level 1. HP: 18/18 MP: 1/1
   239 | D:1      | Reached XP level 2. HP: 22/24 MP: 2/2
   433 | D:1      | Reached skill level 4 in Shields
   609 | D:1      | Reached XP level 3. HP: 27/29 MP: 3/3
  1145 | D:2      | Reached XP level 4. HP: 29/37 MP: 4/4
  1474 | D:2      | Found an iron altar of Okawaru.
  1482 | D:2      | Became a worshipper of Warmaster Okawaru
  2061 | D:3      | Noticed Grinder
  2069 | D:3      | Killed Grinder
  2069 | D:3      | Reached * piety under Okawaru
  2069 | D:3      | Reached skill level 5 in Shields
  2069 | D:3      | Reached XP level 5. HP: 35/43 MP: 5/5
  2069 | D:3      | Reached XP level 6. HP: 39/49 MP: 6/6
  2363 | D:3      | Found a shadowy altar of Dithmenos.
  2373 | D:3      | Noticed Terence
  2380 | D:3      | Killed Terence
  2572 | D:3      | Found a snail-covered altar of Cheibriados.
  2676 | D:3      | Noticed McCoppin's ghost (amateur OgEn)
  2743 | D:3      | Killed McCoppin's ghost
  2743 | D:3      | Reached skill level 5 in Long Blades
  2743 | D:3      | Reached XP level 7. HP: 5/55 MP: 7/7
  3545 | D:4      | Reached ** piety under Okawaru
  3545 | D:4      | Reached skill level 5 in Fighting
  3948 | D:4      | Reached XP level 8. HP: 31/62 MP: 8/8
  4151 | D:4      | Reached skill level 6 in Shields
  4384 | D:4      | Reached skill level 5 in Armour
  4883 | D:5      | Entered Level 5 of the Dungeon
  5209 | D:5      | Found a glowing drain.
  5230 | D:5      | Reached *** piety under Okawaru
  5263 | Sewer    | Entered a sewer
  5735 | Sewer    | Reached XP level 9. HP: 64/69 MP: 9/9
  6264 | Sewer    | Reached skill level 7 in Long Blades
  6557 | D:5      | Found a sparkling altar of Nemelex Xobeh.
  7353 | D:6      | Reached skill level 8 in Long Blades
  7475 | D:6      | Found a sand-covered staircase.
  7554 | Ossuary  | Entered an ossuary
  7709 | Ossuary  | Noticed septik's ghost (novice GrGl)
  7728 | Ossuary  | Killed septik's ghost
  7728 | Ossuary  | Reached **** piety under Okawaru
  7878 | Ossuary  | Noticed Menkaure
  7889 | Ossuary  | Killed Menkaure
  8087 | D:6      | Reached XP level 10. HP: 79/79 MP: 10/10
  8109 | D:6      | Noticed Dowan
  8110 | D:6      | Noticed Duvessa
  8118 | D:6      | Found a staircase to the Ecumenical Temple.
  8136 | D:6      | Killed Dowan
  8238 | D:6      | Killed Duvessa
  8631 | D:6      | Reached skill level 9 in Long Blades
  8935 | D:7      | Noticed Prince Ribbit
  8945 | D:7      | Killed Prince Ribbit
  9314 | D:7      | Got a polished plate armour
  9325 | D:7      | Identified the +5 plate armour "Notrov" {rElec rC+ rCorr Stlth+} (You found it on level 7 of the Dungeon)
  9675 | D:8      | Reached ***** piety under Okawaru
  9825 | D:8      | Received a gift from Okawaru
  9858 | D:8      | Reached skill level 10 in Shields
  9866 | D:8      | Reached skill level 10 in Long Blades
  9867 | D:8      | Reached XP level 11. HP: 53/86 MP: 11/11
  9876 | D:8      | Got a scorched chain mail {god gift}
 10243 | D:8      | Found a deep blue altar of Sif Muna.
 10672 | D:8      | Found a burning altar of Makhleb.
 11235 | D:9      | Found an opulent altar of Gozag.
 11343 | D:10     | Entered Level 10 of the Dungeon
 11377 | D:10     | Noticed a cyclops
 11405 | D:10     | Killed a cyclops
 11563 | D:10     | Noticed a hill giant
 11581 | D:10     | Killed a hill giant
 11702 | D:10     | Reached skill level 11 in Shields
 11953 | D:10     | Found a staircase to the Lair.
 12119 | Lair:1   | Entered Level 1 of the Lair of Beasts
 12154 | Lair:1   | Found a shattered altar of Ashenzari.
 12484 | D:11     | Noticed a hill giant
 12689 | D:10     | Killed a hill giant
 12813 | D:11     | Noticed a hill giant
 12821 | D:11     | Killed a hill giant
 12821 | D:11     | Received a gift from Okawaru
 12821 | D:11     | Reached XP level 12. HP: 57/96 MP: 12/12
 12892 | D:11     | Noticed a six-headed hydra
 12929 | D:10     | Identified the +0 chain mail of the Bulwark {rPois} (Okawaru gifted it to you on level 8 of the Dungeon)
 13142 | D:11     | Noticed Josephine
 13154 | D:11     | Killed Josephine
 13154 | D:11     | Reached skill level 10 in Fighting
 13308 | D:11     | Noticed a red ugly thing
 13343 | D:11     | Killed a red ugly thing
 13343 | D:11     | Reached skill level 12 in Long Blades
 13568 | D:11     | Noticed a hill giant
 13571 | D:11     | Killed a hill giant
 13789 | D:12     | Noticed Maurice
 13804 | D:12     | Killed Maurice
 13852 | D:12     | Received a gift from Okawaru
 14107 | D:12     | Reached ****** piety under Okawaru
 14392 | D:12     | Found a staircase to the Orcish Mines.
 14425 | D:12     | Reached skill level 10 in Armour
 14444 | D:12     | Noticed a six-headed hydra
 14483 | D:12     | Reached XP level 13. HP: 99/106 MP: 13/13
 14552 | D:12     | Killed a 14-headed hydra
 14552 | D:12     | Received a gift from Okawaru
 14751 | D:12     | Noticed Erolcha
 14759 | D:12     | Killed Erolcha
 14883 | D:12     | Reached skill level 13 in Long Blades
 15074 | Orc:1    | Entered Level 1 of the Orcish Mines
 15307 | Orc:1    | Found Echum's Gadget Shoppe.
 15743 | Orc:2    | Noticed Urug
 15766 | Orc:2    | Killed Urug
 15776 | Orc:2    | Received a gift from Okawaru
 16340 | Orc:3    | Found a staircase to the Elven Halls.
 16700 | Orc:3    | Found a roughly hewn altar of Beogh.
 16893 | Orc:4    | Entered Level 4 of the Orcish Mines
 16998 | Orc:4    | Noticed an orc warlord
 17022 | Orc:4    | Killed an orc warlord
 17248 | Orc:4    | HP: 5/109 [orc priest/divine providence (15)]
 17591 | Orc:4    | Received a gift from Okawaru
 17591 | Orc:4    | Reached skill level 14 in Long Blades
 17602 | Orc:4    | Gained mutation: Your mind is acute. (Int +2) [a neqoxec]
 17755 | Orc:4    | Noticed an orc warlord
 17771 | Orc:4    | Killed an orc warlord
 17856 | Orc:4    | Reached XP level 14. HP: 116/116 MP: 14/14
 17857 | Orc:4    | Noticed Azrael
 18024 | Orc:3    | Killed Azrael
 18337 | Orc:4    | Reached skill level 15 in Long Blades
 18835 | Orc:4    | Found Viysikasch's Antique Armour Shop.
 18836 | Orc:4    | Found Nashren's Antique Weapon Boutique.
 18838 | Orc:4    | Found Puviff's General Store.
 18838 | Orc:4    | Found Tuevufu's Book Shop.
 19507 | D:13     | Reached skill level 16 in Long Blades
 19796 | D:13     | Found a portal to a secret trove of treasure.
 20081 | D:14     | Found a gate to the Vaults.
 20102 | D:14     | Received a gift from Okawaru
 20124 | D:14     | Got an ancient demon blade {god gift}
 20125 | D:14     | Identified the +6 demon blade of the Candle {pain, rN+ MR+ Int+3 Dex+4} (Okawaru gifted it to you on level 14 of the Dungeon)
 20203 | D:14     | Reached skill level 17 in Long Blades
 20294 | D:14     | Reached XP level 15. HP: 117/122 MP: 15/15
 20710 | D:14     | Received a gift from Okawaru
 20894 | D:15     | Entered Level 15 of the Dungeon
 20991 | D:15     | Noticed Nessos
 21022 | D:15     | Killed Nessos
 21129 | D:15     | Found a shattered altar of Ashenzari.
 21574 | D:15     | Found Gubiokhlaniu's Antique Armour Boutique.
 21587 | D:15     | Got a crude cloak
 21598 | D:15     | Identified the cursed +0 cloak "Omioza" {rElec rN+ Int+5 Stlth-} (You found it on level 15 of the Dungeon)
 21614 | D:15     | Reached skill level 18 in Long Blades
 21856 | D:15     | Found a staircase to the Depths.
 22671 | Lair:1   | Reached skill level 19 in Long Blades
 22813 | Lair:1   | Found a snail-covered altar of Cheibriados.
 23457 | Lair:2   | Got a translucent flail
 23469 | Lair:2   | Found a frozen archway.
 23475 | Lair:2   | Received a gift from Okawaru
 23540 | IceCv    | Entered an ice cave
 23870 | IceCv    | Reached XP level 16. HP: 114/129 MP: 16/16
 24161 | Lair:2   | Noticed Gastronok
 24179 | Lair:2   | Killed Gastronok
 24996 | Lair:3   | Found an iron altar of Okawaru.
 25101 | Lair:3   | Noticed Sonja
 25118 | Lair:3   | Killed Sonja
 25433 | Lair:3   | Noticed Fannar
 25442 | Lair:3   | Killed Fannar
 25887 | Lair:4   | Found a hole to the Spider Nest.
 25909 | Lair:4   | Gained mutation: You are partially covered in large bone plates (AC +2, SH +2). [potion of beneficial mutation]
 25910 | Lair:4   | Reached skill level 20 in Long Blades
 25910 | Lair:4   | Reached XP level 17. HP: 133/137 MP: 17/17
 26083 | Lair:4   | Found a staircase to the Shoals.
 27962 | Lair:6   | Received a gift from Okawaru
 27975 | Lair:6   | Got a bloodstained large shield {god gift}
 27987 | Lair:6   | Identified the +8 large shield "Hefy" {*Contam MR++} (Okawaru gifted it to you on level 6 of the Lair of Beasts)
 28689 | Lair:7   | Found a staircase to the Slime Pits.
 29840 | Lair:8   | Entered Level 8 of the Lair of Beasts
 29840 | Lair:8   | Noticed Kirke
 29907 | Lair:8   | Killed Kirke
 29999 | Lair:8   | Reached skill level 21 in Long Blades
 30085 | Lair:8   | Reached XP level 18. HP: 108/147 MP: 18/18
 30484 | Lair:8   | Received a gift from Okawaru
 31415 | Spider:1 | Entered Level 1 of the Spider Nest
 31418 | Spider:1 | Reached skill level 15 in Fighting
 32375 | Spider:2 | Noticed Asterion
 32388 | Spider:1 | Killed Asterion
 32599 | Spider:2 | Received a gift from Okawaru
 33122 | Spider:2 | Noticed Wiglaf
 33138 | Spider:2 | Killed Wiglaf
 33138 | Spider:2 | Reached skill level 22 in Long Blades
 33279 | Spider:2 | Reached XP level 19. HP: 155/155 MP: 19/19
 33622 | Spider:3 | Noticed Arachne
 33636 | Spider:3 | Killed Arachne
 34838 | Spider:4 | Entered Level 4 of the Spider Nest
 35227 | Spider:4 | Noticed Mara
 35238 | Spider:4 | Noticed SKei0's illusion
 35276 | Spider:4 | Killed Mara
 35276 | Spider:4 | Received a gift from Okawaru
 36360 | Spider:4 | Received a gift from Okawaru
 36532 | Spider:3 | Reached skill level 15 in Shields
 36842 | Spider:4 | Reached skill level 23 in Long Blades
 36842 | Spider:4 | Reached XP level 20. HP: 164/166 MP: 0/20
 37031 | Spider:4 | Got a gossamer rune of Zot
 37148 | Spider:4 | Upgraded the game from 0.17.0-23-g0de4337 to 0.17.0-24-gcfadda4
 37273 | Shoals:1 | Entered Level 1 of the Shoals
 37560 | Shoals:1 | Noticed Aizul
 37560 | Shoals:1 | Received a gift from Okawaru
 37590 | Lair:4   | Killed Aizul
 37880 | Slime:1  | Entered Level 1 of the Pits of Slime
 37883 | Slime:1  | Gained mutation: Scrolls take you a little longer to read. [a shining eye]
 37996 | Slime:1  | Gained mutation: Your body sometimes deteriorates upon taking damage. [a shining eye]
 38606 | D:11     | Killed a 13-headed hydra
 38762 | Vaults:1 | Entered Level 1 of the Vaults
 38889 | Vaults:1 | Received a gift from Okawaru
 39144 | Vaults:1 | Identified the Tome of Dark Rites
 39691 | Vaults:1 | Found a shadowy altar of Dithmenos.
 39738 | Vaults:1 | Found Zocelepsairi's Food Boutique.
 40445 | Vaults:2 | Noticed Norris
 40490 | Vaults:2 | Killed Norris
 40490 | Vaults:2 | Reached skill level 24 in Long Blades
 40655 | Vaults:2 | Noticed Sojobo
 40695 | Vaults:2 | Killed Sojobo
 40695 | Vaults:2 | Reached XP level 21. HP: 51/175 MP: 21/21
 41068 | Vaults:2 | Received a gift from Okawaru
 41970 | Vaults:2 | Found Muvue's Food Emporium.
 42780 | Vaults:3 | Found a staircase to the Crypt.
 43216 | Vaults:3 | Noticed Agnes
 43226 | Vaults:3 | Noticed Frances
 43226 | Vaults:3 | Reached skill level 25 in Long Blades
 43238 | Vaults:3 | Killed Agnes
 43243 | Vaults:3 | Killed Frances
 43435 | Vaults:3 | Received a gift from Okawaru
 43507 | Vaults:3 | Reached skill level 1 in Dodging
 43656 | Vaults:4 | Found a roughly hewn altar of Beogh.
 43717 | Vaults:4 | Reached XP level 22. HP: 118/185 MP: 22/22
 44226 | Vaults:4 | Received a gift from Okawaru
 44455 | Vaults:4 | Noticed Mennas
 44476 | Vaults:4 | Received a gift from Okawaru
 44556 | Vaults:4 | Killed Mennas
 44595 | Vaults:4 | Got an encrusted crystal plate armour {god gift}
 44606 | Vaults:4 | Identified the +2 crystal plate armour of the Eight Seas {rCorr Dex-3 Slay+2} (Okawaru gifted it to you on level 4 of the Vaults)
 45149 | Vaults:4 | Found Wasilill's Distillery.
 45156 | Vaults:4 | Bought a potion of heal wounds for 110 gold pieces
 45156 | Vaults:4 | Bought 2 potions of heal wounds for 220 gold pieces
 45156 | Vaults:4 | Bought a potion of curing for 66 gold pieces
 45311 | Vaults:4 | Reached skill level 5 in Dodging
 45574 | Vaults:4 | Received a gift from Okawaru
 45598 | Vaults:5 | Entered Level 5 of the Vaults
 45796 | Vaults:4 | Reached XP level 23. HP: 175/194 MP: 23/23
 46088 | Depths:1 | Entered Level 1 of the Depths
 46104 | Depths:1 | Reached skill level 1 in Evocations
 46159 | Depths:1 | Found a gateway to Hell.
 46171 | Depths:1 | Found a gateway to a bazaar.
 46400 | Elf:1    | Entered Level 1 of the Elven Halls
 46998 | Elf:1    | Received a gift from Okawaru
 47006 | Elf:1    | Got a smoking crystal plate armour {god gift}
 47017 | Elf:1    | Identified the +1 crystal plate armour of the King {+Blink +Inv rPois Dex-2} (Okawaru gifted it to you on level 1 of the Elven Halls)
 47370 | Elf:2    | Found Uclag's Gadget Emporium.
 47704 | Elf:2    | Found a runed gate.
 47712 | Elf:2    | Found a runed gate.
 47712 | Elf:2    | Found a runed gate.
 48476 | Elf:3    | Entered Level 3 of the Elven Halls
 48533 | Elf:3    | Reached skill level 5 in Evocations
 48941 | Elf:3    | Got an ichor-stained falchion {slice}
 49118 | Elf:3    | Reached skill level 15 in Armour
 49301 | Elf:3    | Received a gift from Okawaru
 49361 | Elf:3    | Got a pitted iron amulet
 49510 | Elf:3    | Identified the amulet of the Princess {Clar rElec MP+9 Str+3} (You took it off a deep elf death mage on level 3 of the Elven Halls)
 49581 | Elf:3    | Got a pair of transparent boots
 49592 | Elf:3    | Identified the +2 pair of boots "Edwewin" {+Blink rElec rF++ MP-9} (You found it on level 3 of the Elven Halls)
 49593 | Elf:3    | Identified the Grimoire of Enchantment
 49603 | Elf:3    | Identified the Volume of Malediction
 49628 | Elf:3    | Reached XP level 24. HP: 173/202 MP: 27/27
 49796 | Elf:3    | Got a faintly glowing pewter amulet
 49839 | Elf:3    | Identified the amulet "Xaecium" {Stasis Slay+3} (You found it on level 3 of the Elven Halls)
 52102 | Shoals:3 | Noticed Ilsuiw
 52145 | Shoals:3 | Killed Ilsuiw
 52281 | Shoals:3 | Noticed Polyphemus
 52458 | Shoals:3 | Killed Polyphemus
 52904 | Shoals:3 | Received a gift from Okawaru
 53534 | Shoals:4 | Entered Level 4 of the Shoals
 53534 | Shoals:4 | Found Naisin's Distillery.
 53542 | Shoals:4 | Bought a potion of curing for 45 gold pieces
 53542 | Shoals:4 | Bought a potion of curing for 45 gold pieces
 53542 | Shoals:4 | Bought a potion of curing for 45 gold pieces
 53542 | Shoals:4 | Bought a potion of curing for 45 gold pieces
 53598 | Shoals:4 | Found Xatextul's Magic Scroll Shop.
 53615 | Shoals:4 | Found Ejoapn's Assorted Antiques.
 54064 | Shoals:4 | Bought a scroll of summoning for 133 gold pieces
 54081 | Shoals:4 | Found Qutusena's Antique Armour Boutique.
 55377 | Shoals:4 | Got a barnacled rune of Zot
 55408 | Shoals:4 | Found Noklapte's Distillery.
 55435 | Shoals:4 | Bought a potion of curing for 63 gold pieces
 55435 | Shoals:4 | Bought a potion of curing for 63 gold pieces
 56197 | Vaults:5 | Reached skill level 10 in Dodging
 56197 | Vaults:5 | Reached XP level 25. HP: 167/208 MP: 30/30
 56456 | Vaults:5 | Received a gift from Okawaru
 56868 | Vaults:4 | Reached skill level 10 in Evocations
 57270 | Vaults:5 | Noticed Boris
 57770 | Vaults:5 | HP: 9/208 [titan (7)]
 57794 | Vaults:4 | HP: 9/208 [Boris (11)]
 57801 | Vaults:4 | HP: 3/208 [deep elf high priest/divine providence (16)]
 57804 | Vaults:4 | Killed from afar by a deep elf high priest

Action                   |  1- 3 |  4- 6 |  7- 9 | 10-12 | 13-15 | 16-18 | 19-21 | 22-24 | 25-27 || total
-------------------------+-------+-------+-------+-------+-------+-------+-------+-------+-------++-------
Melee: Long sword        |   112 |   167 |   558 |   664 |       |       |       |       |       ||  1501
       Great sword       |       |       |       |   284 |   235 |       |       |       |       ||   519
       Triple sword      |       |       |       |       |  1215 |  1646 |  1850 |  2235 |   262 ||  7208
       Demon blade       |       |       |       |       |   142 |       |       |       |       ||   142
Invok: Heroism           |       |       |       |     1 |    13 |     8 |    17 |    19 |     5 ||    63
 Abil: Dig               |       |       |       |       |     5 |     5 |     4 |       |       ||    14
       Evoke Flight      |       |       |       |       |       |       |       |       |     1 ||     1
Evoke: Wand              |       |       |       |       |       |     2 |     4 |    16 |     9 ||    31
  Use: Potion            |       |     1 |     1 |     8 |     3 |     4 |     8 |     5 |     9 ||    39
       Scroll            |       |       |    16 |    11 |     3 |    11 |     2 |    18 |       ||    61
 Stab: Distracted        |       |       |       |       |     1 |       |       |       |       ||     1
       Held in net/web   |       |       |       |       |       |       |     1 |       |       ||     1
       Petrified         |       |       |       |       |       |       |       |     2 |       ||     2
  Eat: Chunk             |       |     6 |    17 |    22 |    42 |    39 |    34 |    44 |     5 ||   209
       Bread ration      |       |       |     1 |       |       |       |       |       |       ||     1
       Beef jerky        |       |       |       |     1 |     1 |     1 |     3 |     3 |       ||     9
       Fruit             |       |       |       |     1 |     2 |     1 |     4 |     2 |     1 ||    11
       Meat ration       |       |       |       |     1 |       |       |     1 |       |       ||     2
